 Dungeon Crawl Stone Soup version 0.28.0-43-g3370ac3207 (webtiles) character file.

Game seed: 5812477883118812272

161 NoSkeletonsAllowed the Cutter (level 5, -21/33 HPs)
             Began as a Kobold Berserker on Mar 2, 2022.
             Was a Follower of Trog.
             Demolished by an ogre
             ... wielding a +0 giant spiked club
              (26 damage)
             ... on level 4 of the Dungeon.
             The game lasted 00:19:03 (3773 turns).

NoSkeletonsAllowed the Cutter (Kobold Berserker)    Turns: 3773, Time: 00:19:03

Health: -21/33     AC:  9    Str: 16    XL:     5   Next: 70%
Magic:  5/5        EV: 10    Int:  8    God:    Trog [*.....]
Gold:   58         SH:  0    Dex: 15    Spells: 4/4 levels left

rFire   . . .      SeeInvis .   a - +0 short sword
rCold   . . .      Faith    .   (no shield)
rNeg    . . .      Spirit   .   E - +0 chain mail {rPois}
rPois   +          Reflect  .   B - +0 helmet
rElec   .          Harm     .   (no cloak)
rCorr   .          Rampage  .   (no gloves)
Will    .....                   (no boots)
Stlth   ..........              (no amulet)
HPRegen 0.11/turn               (no ring)
MPRegen 0.09/turn               (no ring)

@: no status effects
A: small, no large weapons, nightstalker 3
a: Renounce Religion, Berserk


You were on level 4 of the Dungeon.
You worshipped Trog.
Trog was aware of your devotion.
You visited 1 branch of the dungeon, and saw 4 of its levels.

You collected 58 gold pieces.

Inventory:

Hand Weapons
 a - a +0 short sword (weapon)
 f - a +0 dagger
 g - a +0 whip
 i - a +0 spear
 k - a +0 club
 l - a +0 dagger
 n - a +0 war axe
 r - a +0 club
 s - a +0 hunting sling
 t - a +0 spear
 v - a +0 mace
 y - a +0 dagger
 z - a +0 club
 D - a +0 hand axe
Missiles
 c - 90 stones (quivered)
 j - 24 sling bullets
 p - 3 javelins
 q - 14 arrows
Armour
 b - a +0 animal skin
 e - a +0 scale mail
 h - a +0 robe
 A - a +0 animal skin
 B - a +0 helmet (worn)
 C - a +0 ring mail
 E - a +0 chain mail of poison resistance (worn)
Scrolls
 d - 3 scrolls of teleportation {unknown}
 m - a scroll of amnesia {unknown}
 o - a scroll of magic mapping {unknown}
 u - a scroll of enchant armour {unknown}
 w - a scroll of summoning {unknown}
 x - a scroll of vulnerability {unknown}


   Skills:
 - Level 3.9 Fighting
 + Level 5.8 Short Blades
 - Level 0.4 Throwing
 - Level 1.7 Armour
 * Level 3.3 Dodging
 * Level 3.2 Stealth


You had 4 spell levels left.
You didn't know any spells.
Your spell library contained the following spells:

 Spells                   Type           Power      Damage    Failure   Level
 Sandblast                Erth           0%         2d4       100%        1
 Ensorcelled Hibernation  Hex/Ice        0%         N/A       100%        2
 Spider Form              Tmut/Pois      0%         N/A       100%        3
 Anguish                  Hex/Necr       0%         N/A       100%        4
 Flame Wave               Conj/Fire      0%         2d4       100%        4


Dungeon Overview and Level Annotations

Branches:
Dungeon (4/15)
 Temple: D:4-7

Altars:


Innate Abilities, Weirdness & Mutations

You are small and have problems with some larger weapons.
You are completely attuned to the shadows.


Message History

Trog accepts your kill.
You see here a +0 dagger.
l - a +0 dagger You now have 58 gold pieces (gained 19).
d - 3 scrolls labelled GEQ VENYLUNN (gained 1)
An endoplasm comes into view.
The endoplasm quivers.
You hear the slow rusting of a very distant drain.
An orc and an ogre come into view.
The orc shouts!
The ogre shouts!
The orc hits you but does no damage. The endoplasm closely misses you.
There is a stone staircase leading up here.
You puncture the endoplasm!
You kill the endoplasm!
Trog accepts your kill. The orc hits you but does no damage.
The orc hits you with a +0 hand axe.
There is a stone staircase leading up here.
You hit the orc.
The orc is moderately wounded.
You hit the orc.
The orc is heavily wounded.
The orc hits you but does no damage.
You hit the orc.
The orc is severely wounded.
The orc closely misses you.
You hit the orc.
You kill the orc!
Trog accepts your kill.
You hit the ogre but do no damage. You barely miss the ogre.
The ogre hits you with a +0 giant spiked club!!
Ouch! That really hurt!
* * * LOW HITPOINT WARNING * * *
You hit the ogre.
The ogre is lightly wounded.
The ogre hits you with a +0 giant spiked club!!
Ouch! That really hurt!
You die...

#.# ###.###.
#.##.......
.....ยง..<..
#.##.#.####
#.##.#.#...
#.##.#...#
#.......###
####@#....###
#O#..###.##
##.#...#...#
#....#...#...
...#.###.##
..
###.....### .
##..### #...
#...


You could see an ogre.

Vanquished Creatures
  A phantom (D:4)
  Robin (D:3)
  2 adders
  A gnoll (D:1)
  2 orcs
  2 ball pythons
  9 endoplasms
  5 hobgoblins
  2 jackals (D:3)
  A quokka (D:1)
  4 bats
  A frilled lizard (D:2)
  8 goblins
  5 rats
44 creatures vanquished.

Vanquished Creatures (others)
  2 demonic plants (D:1)
2 creatures vanquished.

Grand Total: 46 creatures vanquished

Notes
Turn   | Place    | Note
-------+----------+-------------------------------------------
     0 | D:1      | NoSkeletonsAllowed the Kobold Berserker began the quest for
                  | the Orb.
     0 | D:1      | Reached XP level 1. HP: 14/14 MP: 1/1
   642 | D:1      | Reached XP level 2. HP: 19/19 MP: 2/2
   921 | D:1      | Noticed an orange demon
   925 | D:1      | Found a faded altar of an unknown god.
  1128 | D:1      | Got the Handbook of Harmful Clay
  1165 | D:1      | Reached XP level 3. HP: 20/24 MP: 3/3
  1687 | D:1      | Reached skill level 1 in Stealth
  2951 | D:3      | Reached XP level 4. HP: 23/29 MP: 4/4
  2970 | D:3      | Noticed Robin
  2986 | D:3      | Killed Robin
  2987 | D:3      | Reached skill level 5 in Short Blades
  3707 | D:4      | Noticed a phantom
  3744 | D:4      | Killed a phantom
  3745 | D:4      | Reached XP level 5. HP: 33/33 MP: 5/5
  3759 | D:4      | Noticed an ogre
  3773 | D:4      | Demolished by an ogre

Illustrated notes

Levels and vault maps discovered:
D:1:      lightli_arrival_statuegarden, layout_loops_corners,
          dreamdust_ecumenical_altar_sealed_demon
D:2:      layout_loops_ring
D:3:      layout_loops_ring, kennysheep_cluttered_room, uniq_robin
D:4:      layout_loops_ring, portal_sewer_entry_a, minmay_between

Skill      XL: |  1  2  3  4 |
---------------+-------------+-----
Stealth        | 1 3 |  3.2
Short Blades   | 5 |  5.8
Dodging        | 3 |  3.3
Fighting       | |  3.9
Throwing       | |  0.4
Armour         | |  1.7

Action                   |  1- 3 |  4- 6 || total
-------------------------+-------+-------++-------
Melee: Short sword       |    83 |   104 ||   187
       Punch             |     1 |     2 ||     3
Throw: Stone             |    12 |       ||    12
  Use: Potion            |       |     1 ||     1
 Stab: Sleeping          |     5 |     1 ||     6
Armor: Scale mail        |    20 |    14 ||    34
       Chain mail        |       |    14 ||    14
Dodge: Dodged            |    33 |    47 ||    80
